MWL (24 & UNDER)
BARRY'S BAY ORIOLES @ COLUMBIA 08S
06/14/2027
 
TOP OF THE 1ST
Barry's Bay Orioles batting - Pitching for Columbia 08s : LHP Rob Price
Pitching: LHP Rob Price
Batting: RHB Octávio Aldeguer 0-0: DOUBLE (Line Drive, 7LM)
Batting: SHB Terry Christian 0-0: Called Strike
0-1: Fly out, F7 (Flyball, 7LMF)
Batting: LHB Manuel Pérez 0-0: Ball
1-0: Foul Ball, location: 2F
1-1: Foul Ball, location: 2F
1-2: Ball
2-2: Strikes out looking
Batting: LHB José Rodríguez 0-0: Ball
1-0: Swinging Strike
1-1: Ball
2-1: Ball
3-1: Called Strike
3-2: Base on Balls
Batting: RHB Troy González 0-0: Ground out 5-3 (Groundball, 56S)
Top of the 1st over - 0 run(s), 1 hit(s), 0 error(s), 2 left on base; Barry's Bay 0 - Columbia 0
BOTTOM OF THE 1ST
Columbia 08s batting - Pitching for Barry's Bay Orioles : RHP Tim Osborne
Pitching: RHP Tim Osborne
Batting: RHB Ben Barker 0-0: SINGLE (Line Drive, 78S)
Batting: RHB Pablo Díaz 0-0: Swinging Strike
0-1: Called Strike
0-2: SINGLE (Groundball, 56D)
Ben Barker to second
Batting: SHB Juan Carlos González 0-0: Ball
1-0: Ball
2-0: 3-RUN HOME RUN (Flyball, 89XD), Distance : 398 ft
Batting: RHB Nicoli Turina 0-0: Called Strike
0-1: Fly out, F8 (Flyball, 8RD)
Batting: RHB Carlos Luna 0-0: Called Strike
0-1: Swinging Strike
0-2: Strikes out looking
Batting: RHB Pedro López 0-0: Called Strike
0-1: Ball
1-1: Fly out, F7 (Flyball, 7S)
Bottom of the 1st over - 3 run(s), 3 hit(s), 0 error(s), 0 left on base; Barry's Bay 0 - Columbia 3
TOP OF THE 2ND
Barry's Bay Orioles batting - Pitching for Columbia 08s : LHP Rob Price
Batting: RHB Santiago Rivera 0-0: Ball
1-0: Called Strike
1-1: Ball
2-1: Swinging Strike
2-2: Foul Ball, location: 2F
2-2: Ball
3-2: Fly out, F8 (Line Drive, 8LM)
Batting: RHB Bill Pike 0-0: Ground out 1-3 (Groundball, 13S)
Batting: RHB Jake Erickson 0-0: Ground out 6-3 (Groundball, 6S)
Top of the 2nd over - 0 run(s), 0 hit(s), 0 error(s), 0 left on base; Barry's Bay 0 - Columbia 3
BOTTOM OF THE 2ND
Columbia 08s batting - Pitching for Barry's Bay Orioles : RHP Tim Osborne
Batting: RHB Chris Burrell 0-0: Called Strike
0-1: Swinging Strike
0-2: SINGLE (Groundball, 13S) (infield hit)
Batting: RHB Bernardo Corona 0-0: Called Strike
0-1: Ball
1-1: Ball
2-1: Fly out, F9 (Flyball, 9D)
Batting: RHB Henry Fox 0-0: Swinging Strike
0-1: Foul Ball, location: 2F
0-2: Fielders Choice at 2nd, 6-4 (Groundball, 56)
Batting: RHB Ben Barker 0-0: Ball
1-0: Ball
2-0: Ball
3-0: Base on Balls
Henry Fox to second
Batting: RHB Pablo Díaz 0-0: Foul Ball, location: 2F
0-1: Fielders Choice at 2nd, 6-4 (Groundball, 6)
Bottom of the 2nd over - 0 run(s), 1 hit(s), 0 error(s), 1 left on base; Barry's Bay 0 - Columbia 3
TOP OF THE 3RD
Barry's Bay Orioles batting - Pitching for Columbia 08s : LHP Rob Price
Batting: LHB Ryan Rheaume 0-0: Ball
1-0: Called Strike
1-1: Called Strike
1-2: Strikes out looking
Batting: RHB Octávio Aldeguer 0-0: Called Strike
0-1: Ball
1-1: Called Strike
1-2: Strikes out swinging
Batting: SHB Terry Christian 0-0: Called Strike
0-1: Called Strike
0-2: Fly out, F9 (Line Drive, 9LM)
Top of the 3rd over - 0 run(s), 0 hit(s), 0 error(s), 0 left on base; Barry's Bay 0 - Columbia 3
BOTTOM OF THE 3RD
Columbia 08s batting - Pitching for Barry's Bay Orioles : RHP Tim Osborne
Batting: SHB Juan Carlos González 0-0: Foul Ball, location: 2F
0-1: Ball
1-1: SINGLE (Line Drive, 8RS)
Batting: RHB Nicoli Turina 0-0: Ball
1-0: Called Strike
1-1: Ball
2-1: Ball
3-1: Called Strike
3-2: Fly out, F7 (Flyball, 78M)
Batting: RHB Carlos Luna 0-0: Fielders Choice at 2nd, 6-4 (Groundball, 6M)
Batting: RHB Pedro López 0-0: Called Strike
0-1: Ball
1-1: Ball
2-1: Ball
3-1: Base on Balls
Carlos Luna to second
Batting: RHB Chris Burrell 0-0: Ball
1-0: Called Strike
1-1: Swinging Strike
1-2: Strikes out swinging
Bottom of the 3rd over - 0 run(s), 1 hit(s), 0 error(s), 2 left on base; Barry's Bay 0 - Columbia 3
TOP OF THE 4TH
Barry's Bay Orioles batting - Pitching for Columbia 08s : LHP Rob Price
Batting: LHB Manuel Pérez 0-0: Called Strike
0-1: Swinging Strike
0-2: Ball
1-2: Ball
2-2: Strikes out swinging
Batting: LHB José Rodríguez 0-0: Called Strike
0-1: SINGLE (Groundball, 34D)
Batting: RHB Troy González 0-0: Ball
1-0: Ball
2-0: Swinging Strike
2-1: Ball
3-1: Foul Ball, location: 2F
3-2: Foul Ball, location: 2F
3-2: Foul Ball, location: 2F
3-2: Strikes out swinging
Batting: RHB Santiago Rivera 0-0: Called Strike
0-1: DOUBLE (Flyball, 78M)
José Rodríguez to third
Runner from 3rd tries for Home, SAFE, no throw
Batting: RHB Bill Pike 0-0: Called Strike
0-1: Swinging Strike
0-2: Ball
1-2: Foul Ball, location: 2F
1-2: Ball
2-2: Ball
3-2: Base on Balls
Batting: RHB Jake Erickson 0-0: Fielders Choice at 2nd, 6-4 (Groundball, 6)
Top of the 4th over - 1 run(s), 2 hit(s), 0 error(s), 1 left on base; Barry's Bay 1 - Columbia 3
BOTTOM OF THE 4TH
Columbia 08s batting - Pitching for Barry's Bay Orioles : RHP Tim Osborne
Batting: RHB Bernardo Corona 0-0: SINGLE (Groundball, 56S) (infield hit)
Batting: RHB Henry Fox 0-0: Foul Ball, location: 2F
0-1: Swinging Strike
0-2: Strikes out looking
Batting: RHB Ben Barker 0-0: Ball
Bernardo Corona steals 2nd base
1-0: Ball
2-0: Called Strike
2-1: Foul Ball, location: 2F
2-2: Foul Ball, location: 2F
2-2: Hit by Pitch
Batting: RHB Pablo Díaz 0-0: Ball
1-0: Ball
2-0: Foul Ball, location: 2F
2-1: Grounds into double play, 6-4-3 (Groundball, 56)
Bottom of the 4th over - 0 run(s), 1 hit(s), 0 error(s), 1 left on base; Barry's Bay 1 - Columbia 3
TOP OF THE 5TH
Barry's Bay Orioles batting - Pitching for Columbia 08s : LHP Rob Price
Batting: LHB Ryan Rheaume 0-0: Called Strike
0-1: SINGLE (Line Drive, 4M)
Batting: RHB Octávio Aldeguer 0-0: Ball
Passed Ball!
Ryan Rheaume to second
1-0: Called Strike
1-1: Ball
2-1: Foul Ball, location: 2F
2-2: Ball
3-2: Strikes out looking
Batting: SHB Terry Christian 0-0: Ball
1-0: Foul Ball, location: 2F
1-1: Swinging Strike
1-2: Strikes out looking
Batting: LHB Manuel Pérez 0-0: Ball
1-0: Fly out, F8 (Flyball, 8RD)
Top of the 5th over - 0 run(s), 1 hit(s), 0 error(s), 1 left on base; Barry's Bay 1 - Columbia 3
BOTTOM OF THE 5TH
Columbia 08s batting - Pitching for Barry's Bay Orioles : RHP Tim Osborne
Batting: SHB Juan Carlos González 0-0: Ball
1-0: Ball
2-0: Called Strike
2-1: Called Strike
2-2: Foul Ball, location: 2F
2-2: Ball
3-2: Strikes out swinging
Batting: RHB Nicoli Turina 0-0: Foul Ball, location: 2F
0-1: Fly out, F9 (Flyball, 9LSF)
Batting: RHB Carlos Luna 0-0: Called Strike
0-1: Foul Ball, location: 2F
0-2: Strikes out swinging
Bottom of the 5th over - 0 run(s), 0 hit(s), 0 error(s), 0 left on base; Barry's Bay 1 - Columbia 3
TOP OF THE 6TH
Barry's Bay Orioles batting - Pitching for Columbia 08s : LHP Rob Price
Batting: LHB José Rodríguez 0-0: Called Strike
0-1: Foul Ball, location: 2F
0-2: Strikes out swinging
Batting: RHB Troy González 0-0: Ball
1-0: Ball
2-0: Called Strike
2-1: Swinging Strike
2-2: Strikes out swinging
Batting: RHB Santiago Rivera 0-0: Foul Ball, location: 2F
0-1: Ball
1-1: Ball
2-1: Foul Ball, location: 2F
2-2: Foul Ball, location: 2F
2-2: Strikes out swinging, 2-3 out at first.
Top of the 6th over - 0 run(s), 0 hit(s), 0 error(s), 0 left on base; Barry's Bay 1 - Columbia 3
BOTTOM OF THE 6TH
Columbia 08s batting - Pitching for Barry's Bay Orioles : RHP Tim Osborne
Batting: RHB Pedro López 0-0: Swinging Strike
0-1: Foul Ball, location: 2F
0-2: SINGLE (Line Drive, 89M)
Batting: RHB Chris Burrell 0-0: Ball
1-0: Ball
2-0: Foul Ball, location: 2F
2-1: Called Strike
2-2: Strikes out looking
Batting: RHB Bernardo Corona 0-0: 2-RUN HOME RUN (Flyball, 7D), Distance : 388 ft
Pitching: LHP Mario García
Batting: RHB Henry Fox 0-0: Fly out, F7 (Flyball, 7S)
Batting: RHB Ben Barker 0-0: Called Strike
0-1: Fly out, F8 (Flyball, 89S)
Bottom of the 6th over - 2 run(s), 2 hit(s), 0 error(s), 0 left on base; Barry's Bay 1 - Columbia 5
TOP OF THE 7TH
Barry's Bay Orioles batting - Pitching for Columbia 08s : LHP Rob Price
Pitching: RHP Ignacio Medina
Batting: RHB Bill Pike 0-0: Foul Ball, location: 2F
0-1: Ball
1-1: Ball
2-1: Foul Ball, location: 2F
2-2: Ball
3-2: Base on Balls
Batting: RHB Jake Erickson 0-0: Ball
1-0: Called Strike
1-1: Called Strike
1-2: Ball
2-2: Strikes out swinging
Bill Pike is caught stealing 2nd base
Batter strikes out.
Batting: LHB Ryan Rheaume 0-0: Ball
1-0: Foul Ball, location: 2F
1-1: Swinging Strike
1-2: Ground out 4-3 (Groundball, 4M)
Top of the 7th over - 0 run(s), 0 hit(s), 0 error(s), 0 left on base; Barry's Bay 1 - Columbia 5
BOTTOM OF THE 7TH
Columbia 08s batting - Pitching for Barry's Bay Orioles : LHP Mario García
Batting: RHB Pablo Díaz 0-0: Ball
1-0: Swinging Strike
1-1: Foul Ball, location: 2F
1-2: Foul Ball, location: 2F
1-2: Foul Ball, location: 2F
1-2: Strikes out swinging
Batting: SHB Juan Carlos González 0-0: SINGLE (Groundball, 6M) (infield hit)
Batting: RHB Nicoli Turina 0-0: Called Strike
0-1: Ball
1-1: Ball
2-1: Ground out 6-3 (Groundball, 6MS)
Juan Carlos González to second
Batting: RHB Carlos Luna 0-0: Ball
Passed Ball!
Juan Carlos González to third
1-0: Ball
2-0: Ball
3-0: Base on Balls
Batting: RHB Pedro López 0-0: Called Strike
0-1: Foul Ball, location: 2F
0-2: Foul Ball, location: 2F
0-2: Ball
1-2: Fielders Choice at 2nd, 4-6 (Groundball, 4)
Bottom of the 7th over - 0 run(s), 1 hit(s), 0 error(s), 1 left on base; Barry's Bay 1 - Columbia 5
TOP OF THE 8TH
Barry's Bay Orioles batting - Pitching for Columbia 08s : RHP Ignacio Medina
Batting: RHB Octávio Aldeguer 0-0: Called Strike
0-1: Swinging Strike
0-2: Ball
1-2: Strikes out looking
Batting: SHB Terry Christian 0-0: Called Strike
0-1: Ball
1-1: Ball
2-1: Ball
3-1: Fly out, F8 (Flyball, 8LM)
Batting: LHB Manuel Pérez 0-0: Swinging Strike
0-1: Called Strike
0-2: Fly out, F9 (Line Drive, 9)
Top of the 8th over - 0 run(s), 0 hit(s), 0 error(s), 0 left on base; Barry's Bay 1 - Columbia 5
BOTTOM OF THE 8TH
Columbia 08s batting - Pitching for Barry's Bay Orioles : LHP Mario García
Batting: RHB Chris Burrell 0-0: Ball
1-0: Ball
2-0: Called Strike
2-1: Ball
3-1: Called Strike
3-2: SINGLE (Line Drive, 9S)
Batting: RHB Bernardo Corona 0-0: Bunted foul
0-1: Sac Bunt - play at first, batter OUT! 2-4
Chris Burrell to second
Batting: RHB Henry Fox 0-0: Called Strike
0-1: Swinging Strike
0-2: Ground out 5-3 (Groundball, 5S)
Chris Burrell to third
Batting: RHB Ben Barker 0-0: Foul Ball, location: 2F
0-1: Ball
1-1: Fly out, F3 (Popup, 3L)
Bottom of the 8th over - 0 run(s), 1 hit(s), 0 error(s), 1 left on base; Barry's Bay 1 - Columbia 5
TOP OF THE 9TH
Barry's Bay Orioles batting - Pitching for Columbia 08s : RHP Ignacio Medina
Batting: LHB José Rodríguez 0-0: Ball
1-0: Called Strike
1-1: Ball
2-1: Ground out 1-3 (Groundball, P)
Batting: RHB Troy González 0-0: Called Strike
0-1: DOUBLE (Line Drive, 5D)
Batting: RHB Santiago Rivera 0-0: Ball
1-0: Ball
2-0: Ground out 5-3 (Groundball, 56)
Batting: RHB Bill Pike 0-0: Called Strike
0-1: DOUBLE (Groundball, 5L)
Troy González scores
Pitching: LHP León Hernández
Batting: RHB Jake Erickson 0-0: Fly out, F5 (Line Drive, 56)
Top of the 9th over - 1 run(s), 2 hit(s), 0 error(s), 1 left on base; Barry's Bay 2 - Columbia 5
Thursday, March 30th, 2017 - OOTP Baseball 17.12 Build 75